 Seeded DCSS version 0.30.1-4-g462c640d31 (webtiles) character file.

Game seed: 6351066067085065685 (custom seed)

6741 Esekla the Thaumaturge (level 10, -9/52 HPs)
             Began as a Deep Elf Necromancer on Aug 18, 2023.
             Was an Elder of Vehumet.
             Mangled by a sun demon (20 damage)
             ... summoned by a kobold demonologist
             ... on level 9 of the Dungeon.
             The game lasted 00:47:43 (8615 turns).

Esekla the Thaumaturge (Deep Elf Necromancer)       Turns: 8615, Time: 00:47:43

Health: -9/52      AC:  9    Str:  5    XL:     10   Next: 75%
Magic:  28/37      EV: 14    Int: 25    God:    Vehumet [****..]
Gold:   599        SH:  5    Dex: 15    Spells: 13/33 levels left

rFire   . . .        a - +4 scimitar
rCold   . . .        J - +0 buckler
rNeg    . . .        P - +0 steam dragon scales
rPois   .            N - +1 helmet
rElec   .            c - +0 cloak
rCorr   .            j - +0 pair of gloves
SInv    .            (no boots)
Will    +....        A - amulet of magic regeneration
Stlth   +++          O - ring of magical power
HPRegen 0.28/turn    (no ring)
MPRegen 0.65/turn

%: no passive effects
@: studying Fighting
A: no striking features
a: Renounce Religion


You were on level 9 of the Dungeon.
You worshipped Vehumet.
Vehumet was greatly pleased with you.
You visited 1 branch of the dungeon, and saw 9 of its levels.
You also visited: Bailey.

You collected 599 gold pieces.

Inventory:

Hand Weapons
 a - a +4 scimitar (weapon)
 r - a +4 trident of venom
 s - the +5 rapier of the Hero {heavy, rN+ Dex+3}
   (You found it on level 3 of the Dungeon)

   Dex:       It affects your dexterity (+3).
   rN:        It protects you from negative energy.
Missiles
 m - 28 poisoned darts (quivered)
 G - 4 throwing nets
 L - 3 curare-tipped darts
 M - 3 boomerangs
Armour
 c - a +0 cloak (worn)
 j - a +0 pair of gloves (worn)
 J - a +0 buckler (worn)
 N - a +1 helmet (worn)
 P - +0 steam dragon scales (worn)
Jewellery
 A - an amulet of magic regeneration (around neck)
 O - a ring of magical power (left hand)
Wands
 D - a wand of flame (9)
 F - a wand of roots (13)
Scrolls
 e - 3 scrolls of enchant weapon {unknown}
 i - a scroll of torment {unknown}
 l - a scroll of immolation {unknown}
 n - 5 scrolls of blinking {unknown}
 p - 10 scrolls of identify {unknown}
 q - a scroll of enchant armour {unknown}
 t - 2 scrolls of amnesia {unknown}
 w - 2 scrolls of fog {unknown}
 x - a scroll of silence {unknown}
 y - a scroll of summoning {unknown}
 z - a scroll of magic mapping {unknown}
 C - 3 scrolls of fear
 E - 2 scrolls of teleportation {unknown}
 H - 2 scrolls of poison {unknown}
 I - a scroll of acquirement
 K - 3 scrolls of noise {unknown}
Potions
 b - a potion of magic
 d - 3 potions of ambrosia {unknown}
 f - 4 potions of haste {unknown}
 g - 6 potions of curing
 h - a potion of mutation {unknown}
 k - 6 potions of attraction {unknown}
 u - 2 potions of heal wounds {unknown}
 v - 3 potions of brilliance {unknown}
 B - 2 potions of lignification {unknown}


   Skills:
 * Level 1.0 Fighting
 + Level 3.3(3.6) Short Blades
 + Level 1.9(2.7) Long Blades
 + Level 2.2 Throwing
 * Level 7.1 Dodging
 + Level 5.5 Stealth
 * Level 3.1 Shields
 * Level 12.0 Spellcasting
 * Level 10.9 Necromancy
 * Level 5.7 Translocations
 * Level 1.6 Earth Magic
 + Level 1.2 Evocations


You had 13 spell levels left.
You knew the following spells:

 Your Spells              Type           Power      Damage    Failure   Level
a - Necrotise             Necr           100%       1d9       1%          1
b - Kiss of Death         Conj/Necr      100%       2d13      1%          1
c - Shock                 Conj/Air       60%        1d6       1%          1
d - Vampiric Draining     Necr           63%        2d10      1%          3
e - Dazzling Flash        Conj/Hex       30%        N/A       5%          3
f - Stone Arrow           Conj/Erth      38%        3d9       4%          3
l - Lee's Rapid Deconstr  Erth           11%        3d8*      24%         5
t - Teleport Other        Tloc           43%        N/A       1%          3

Your spell library contained the following spells:

 Spells                   Type           Power      Damage    Failure   Level
 Lesser Beckoning         Tloc           86%        N/A       1%          2
 Gell's Gravitas          Tloc           43%        N/A       1%          3
 Animate Dead             Necr           63%        N/A       1%          4
 Agony                    Necr           63%        N/A       2%          5
 Spider Form              Tmut/Pois      15%        N/A       21%         3
 Cause Fear               Hex            7%         N/A       56%         4
 Summon Mana Viper        Hex/Summ       15%        N/A       88%         5


Dungeon Overview and Level Annotations

Branches:
Dungeon (9/15)             Temple (0/1) D:6          Bailey (visited)
   Lair: D:8-11         Orc: D:9-12

Altars:
Dithmenos
Fedhas
Hepliaklqana
Nemelex Xobeh
Okawaru
Qazlal
Trog
Uskayaw
Vehumet
Zin
The Shining One

Shops:
D:2 =   D:4 (

Annotations:
D:7 Menkaure


Message History

Aim: a wyvern (moderately wounded)
You draw life force from the wyvern!!
You feel life coursing into your body!
The crimson imp disappears in a puff of smoke!
You block the wyvern's attack.
The kobold demonologist looks braver for a moment.
Casting: Vampiric Draining (safe; 1% risk of failure)
Confirm with . or Enter, or press ? or * to list all spells.
Aiming: Vampiric Draining (safe; 1% risk of failure)
Press: ? - help, Shift-Dir - straight line, f/p - wyvern
Aim: a wyvern (almost dead)
You draw life force from the wyvern!
You kill the wyvern!
Vehumet accepts your kill.
You feel your power returning.
Your Fighting skill increases to level 1!
Your Spellcasting skill increases to level 12!
The sun demon hits you.
You are engulfed in flames!
The gnoll completely misses you.
The white imp shouts, "Give up, thou beslubbering tip-merry skainsmate!"
Casting: Vampiric Draining (safe; 1% risk of failure)
Confirm with . or Enter, or press ? or * to list all spells.
Aiming: Vampiric Draining (safe; 1% risk of failure)
Press: ? - help, Shift-Dir - straight line, f - gnoll
Aim: a gnoll, wielding a +0 whip You draw life force from the gnoll!
You kill the gnoll!
Vehumet accepts your kill.
You feel life coursing into your body.
The kobold demonologist looks more healthy.
The sun demon barely misses you.
Casting: Vampiric Draining (safe; 1% risk of failure)
Confirm with . or Enter, or press ? or * to list all spells.
Aiming: Vampiric Draining (safe; 1% risk of failure)
Press: ? - help, Shift-Dir - straight line, f - gnoll
Aim: a gnoll, wielding a +0 club You draw life force from the gnoll!
You feel life coursing into your body. The sun demon hits you!
You are engulfed in flames!!
* * * LOW HITPOINT WARNING * * *
You block the gnoll's attack. The sun demon hits you!!
You die...

#)..#.♣.♣.#
#...#.....########
#...#######......#
#......#.........#
#......'.........#
#...>..#........##
#......#........#
#......#........#
#....@3#........#
######g##########
#gK5..... #5g......
##+######5.(...##
#..........#.#...
#.........##(# .[
#########.....#.#..
# .
.............##.##.


You could see a sun demon (summoned), a kobold demonologist, a gnoll sergeant,
an iron imp (summoned), 2 gnolls, a crimson imp (summoned) and a white imp
(summoned).

Vanquished Creatures
  2 two-headed ogres
  Pikel (D:6)
  2 orc knights (Bailey)
  Joseph (D:7)
  A steam dragon (D:8)
  2 wyverns
  An ice beast (D:6)
  A sky beast (D:6)
  7 orc warriors (Bailey)
  2 black bears
  2 ogres
  A centaur (D:7)
  A phantom (D:7)
  Blork the orc (D:6)
  2 kobold brigands
  2 gnoll sergeants (D:7)
  A bullfrog (D:7)
  2 scorpions (D:5)
  3 wights (D:7)
  5 killer bees (D:9)
  2 quasits (D:8)
  2 gnoll boudas
  6 hounds
  A jelly (D:6)
  Crazy Yiuf (D:7)
  4 orc priests (D:8)
  A sleepcap (D:5)
  5 iguanas
  5 orc wizards
  25 gnolls
  9 adders
  3 shadow imps (D:8)
  6 white imps
  4 ufetubi
  A worm (D:4)
  3 dart slugs
  47 orcs
  6 ball pythons
  4 endoplasms
  9 goblins
  7 hobgoblins
  A quokka (D:1)
  4 bats
  4 frilled lizards
  14 kobolds
  A rat (D:2)
215 creatures vanquished.

Vanquished Creatures (others)
  An orc (D:8)
1 creature vanquished.

Grand Total: 216 creatures vanquished

Notes
Turn   | Place    | Note
-------+----------+-------------------------------------------
     0 | D:1      | Esekla the Deep Elf Necromancer began the quest for the
                  | Orb.
     0 | D:1      | Reached XP level 1. HP: 10/10 MP: 6/6
   120 | D:1      | Reached skill level 5 in Necromancy
   272 | D:4      | Found an iron altar of Okawaru.
   283 | D:4      | Found a glowing silver altar of Zin.
   367 | D:4      | Found a radiant altar of Vehumet.
   371 | D:4      | Became a worshipper of Vehumet
   447 | D:3      | Reached XP level 2. HP: 3/15 MP: 8/8
   624 | D:3      | Identified the +5 rapier of the Hero {heavy, rN+ Dex+3}
   642 | D:2      | Found Renulab's Jewellery Shop.
   791 | D:2      | Reached XP level 3. HP: 10/19 MP: 9/9
   795 | D:2      | Learned a level 3 spell: Vampiric Draining
   967 | D:2      | Reached skill level 1 in Short Blades
  1011 | D:2      | Found a faded altar of an unknown god.
  1020 | D:2      | Reached XP level 4. HP: 19/24 MP: 4/11
  1087 | D:2      | Noticed a black bear
  1111 | D:2      | Killed a black bear
  1112 | D:2      | Reached skill level 4 in Spellcasting
  1112 | D:2      | Reached XP level 5. HP: 27/28 MP: 8/13
  1492 | D:3      | Found a stormy altar of Qazlal.
  1495 | D:3      | Found a hazy altar of Hepliaklqana.
  1495 | D:3      | Found a bloodstained altar of Trog.
  1509 | D:3      | Reached skill level 5 in Spellcasting
  2095 | D:1      | Reached * piety under Vehumet
  2095 | D:1      | Offered knowledge of Kiss of Death by Vehumet.
  2098 | D:1      | Learned a level 1 spell: Kiss of Death
  2136 | D:1      | Learned a level 3 spell: Teleport Other
  2348 | D:3      | Reached XP level 6. HP: 22/32 MP: 2/15
  2470 | D:4      | Found a glowing golden altar of the Shining One.
  2705 | D:4      | HP: 1/32 [gnoll/+0 spear[a gnoll bouda] (2)]
  3038 | D:4      | Found Ponaysk's Antique Weapon Boutique.
  3391 | D:5      | Entered Level 5 of the Dungeon
  3399 | D:5      | Got the Parchment of the Lumpy Olives
  3415 | D:5      | Found a shadowy altar of Dithmenos.
  3504 | D:5      | Reached skill level 1 in Throwing
  3597 | D:5      | Reached skill level 6 in Spellcasting
  3614 | D:5      | Reached XP level 7. HP: 28/36 MP: 14/18
  3893 | D:5      | Reached skill level 1 in Translocations
  4068 | D:5      | Reached skill level 5 in Stealth
  4333 | D:6      | Reached skill level 7 in Spellcasting
  4357 | D:6      | Found a staircase to the Ecumenical Temple.
  4499 | D:6      | Reached XP level 8. HP: 41/41 MP: 20/20
  4556 | D:6      | Noticed Blork the orc
  4568 | D:6      | Reached ** piety under Vehumet
  4568 | D:6      | Offered knowledge of Shock by Vehumet.
  4574 | D:6      | Learned a level 1 spell: Shock
  4857 | D:6      | Noticed Pikel
  4866 | D:6      | Killed Pikel
  4867 | D:6      | Reached skill level 8 in Spellcasting
  5053 | D:6      | Killed Blork the orc
  5206 | D:6      | Found a blossoming altar of Fedhas.
  5381 | D:7      | Reached skill level 9 in Spellcasting
  5383 | D:7      | Reached XP level 9. HP: 45/45 MP: 16/24
  5422 | D:7      | Noticed Menkaure
  5518 | D:7      | Noticed Joseph
  5540 | D:7      | Reached skill level 5 in Dodging
  5833 | D:7      | Killed Joseph
  5834 | D:7      | Reached skill level 1 in Shields
  5834 | D:7      | Reached skill level 10 in Spellcasting
  6037 | D:7      | Found a runed translucent door.
  6038 | D:7      | Noticed Crazy Yiuf
  6045 | D:7      | Killed Crazy Yiuf
  6182 | D:7      | Offered knowledge of Dazzling Flash by Vehumet.
  6190 | D:7      | Learned a level 3 spell: Dazzling Flash
  6302 | D:8      | Noticed a two-headed ogre
  6316 | D:8      | Killed a two-headed ogre
  6317 | D:8      | Reached skill level 1 in Evocations
  6430 | D:7      | Reached skill level 11 in Spellcasting
  6462 | D:7      | Reached *** piety under Vehumet
  6597 | D:7      | Reached XP level 10. HP: 41/50 MP: 23/27
  6733 | D:8      | Found a hide-covered altar of Uskayaw.
  6751 | D:8      | Found a transporter.
  6753 | D:8      | Found a transporter.
  6768 | D:8      | Found a transporter.
  6768 | D:8      | Found a transporter.
  6935 | D:8      | Offered knowledge of Stone Arrow by Vehumet.
  6950 | D:8      | Reached skill level 5 in Translocations
  6985 | D:8      | Reached skill level 10 in Necromancy
  7288 | D:8      | Reached **** piety under Vehumet
  7482 | D:9      | Learned a level 3 spell: Stone Arrow
  7674 | D:9      | Found a flagged portal.
  7691 | Bailey   | Entered a bailey
  7756 | Bailey   | Reached skill level 1 in Long Blades
  7946 | Bailey   | Identified the +2 bardiche of Puhoisos {heavy, rElec
                  | Stlth+}
  8042 | Bailey   | Offered knowledge of Lee's Rapid Deconstruction by Vehumet.
  8050 | Bailey   | Learned a level 5 spell: Lee's Rapid Deconstruction
  8122 | Bailey   | Noticed an orc knight
  8122 | Bailey   | Noticed an orc knight
  8166 | Bailey   | Killed an orc knight
  8178 | Bailey   | Killed an orc knight
  8179 | Bailey   | Reached skill level 1 in Earth Magic
  8453 | D:9      | Noticed a two-headed ogre
  8474 | D:9      | Killed a two-headed ogre
  8556 | D:9      | Found a sparkling altar of Nemelex Xobeh.
  8604 | D:9      | Noticed a sun demon
  8612 | D:9      | Reached skill level 1 in Fighting
  8612 | D:9      | Reached skill level 12 in Spellcasting
  8615 | D:9      | Mangled by a sun demon

Illustrated notes

Levels and vault maps discovered:
D:1:      sevenhm_arrival_forest_fort_small_3, layout_rooms,
          chequers_serial_rivers_room_b, minmay_misc_feat_five
D:2:      layout_loops_ring, dreamdust_ecumenical_altar_angels_and_demons,
          serial_shops, shop
D:3:      layout_basic, grunt_temple_overflow_open, minmay_misc_feat_iff
D:4:      layout_basic, nicolae_overflow_quartered_altars, serial_shops,
          nicolae_diamond_shop
D:5:      layout_loops_ring, lemuel_doored_altar, minmay_misc_feat_rows,
          dreamdust_wishing_well
D:6:      layout_loops_cross, fedhas_altar_fruit_tree,
          minmay_temple_entry_glass, uniq_pikel, uniq_blork_the_orc
D:7:      layout_basic, uniq_menkaure, uniq_joseph, uniq_crazy_yiuf_cottage
D:8:      layout_basic, nicolae_uskayaw_dance_hall, serial_demonic,
          serial_demonic_d, serial_demonic_a, serial_demonic_c,
          serial_demonic_c, nicolae_diode_quadrants
D:9:      layout_irregular_city, kennysheep_little_box, enter_bailey_4,
          minmay_between, uniq_harold

Skill      XL: |  1  2  3  4  5  6  7  8  9 10 |
---------------+-------------------------------+-----
Necromancy     | 5 6 7 8 9 10 | 10.9
Stealth        | 3 4 5 |  5.5
Short Blades   | 1 2 3 |  3.3
Dodging        | 3 4 6 7 |  7.1
Spellcasting   | 4 5 6 7 9 11 12 | 12.0
Throwing       | 1 2 |  2.2
Translocations | 2 4 5 |  5.7
Shields        | 1 3 |  3.1
Evocations     | 1 |  1.2
Long Blades    | 1 |  1.9
Earth Magic    | 1 |  1.6
Fighting       | 1 |  1.0

Action                     |  1- 3 |  4- 6 |  7- 9 | 10-12 || total
---------------------------+-------+-------+-------+-------++-------
  Melee: Short sword       |    27 |       |       |       ||    27
         Unarmed           |     9 |       |       |       ||     9
         Rapier            |     9 |       |       |     7 ||    16
         Dagger            |     5 |   192 |   176 |       ||   373
         Punch             |       |     4 |     4 |       ||     8
         Scimitar          |       |       |    19 |   147 ||   166
  Throw: Dart              |       |     8 |    19 |    23 ||    50
         Boomerang         |       |       |       |     2 ||     2
   Cast: Vampiric Draining |     7 |    28 |    86 |    50 ||   171
         Shock             |       |       |     5 |       ||     5
         Teleport Other    |       |       |     4 |       ||     4
  Evoke: Wand              |       |       |    12 |     9 ||    21
    Use: Scroll            |       |     1 |       |       ||     1
         Potion            |       |       |     1 |       ||     1
   Stab: Sleeping          |     6 |    10 |     8 |     2 ||    26
 Armour: Robe              |     7 |    33 |    44 |    27 ||   111
         Skin              |       |       |     6 |       ||     6
         Steam dragon scal |       |       |       |    72 ||    72
  Dodge: Dodged            |    31 |   112 |   170 |   221 ||   534
  Block: Buckler           |       |       |       |    53 ||    53
